 Dungeon Crawl Stone Soup version 0.18-a0-1721-gc4d1f22 (webtiles) character file.

779 dobroeutro the Shield-Bearer (level 7, 0/44 HPs)
             Began as a Gargoyle Fighter on Apr 9, 2016.
             Killed by nerve-wracking pain
             ... invoked by Menkaure
              (4 damage)
             ... on level 4 of the Dungeon.
             The game lasted 00:08:32 (2405 turns).

dobroeutro the Shield-Bearer (Gargoyle Fighter)     Turns: 2405, Time: 00:08:32

Health: 0/44       AC: 14    Str: 26    XL:     7   Next: 85%
Magic:  7/7        EV:  8    Int:  9    God:
Gold:   149        SH: 11    Dex: 14    Spells: 0 memorised, 6 levels left

rFire  . . .     SeeInvis .     a - +0 flail
rCold  . . .     Gourm    .     b - +0 scale mail
rNeg   + . .     Faith    .     c - +0 shield
rPois  ∞         Spirit   .     u - +0 helmet
rElec  +         Dismiss  .     (no cloak)
rCorr  .         Reflect  .     (no gloves)
SustAt .         Harm     .     l - +0 pair of boots
MR     .....                    (no amulet)
Stlth  ..........               (no ring)
                                m - +5 ring of dexterity

@: mighty, not resistant to hostile enchantments, extremely unstealthy
A: negative energy resistance 1, electricity resistance, unbreathing,
petrification resistance, rot immunity, AC +4
a: no special abilities


You were on level 4 of the Dungeon.
You were not hungry.

You visited 1 branch of the dungeon, and saw 4 of its levels.

You collected 149 gold pieces.

Inventory:

Hand Weapons
 a - a +0 flail (weapon)
 v - a +0 whip of flaming
Missiles
 e - 12 javelins (quivered)
Armour
 b - a +0 scale mail (worn)
 c - a +0 shield (worn)
 l - a +0 pair of boots (worn)
 u - a +0 helmet (worn)
 w - a +0 leather armour of fire resistance
Jewellery
 m - a +5 ring of dexterity (left hand)
Wands
 x - a wand of lightning (4/15)
Scrolls
 j - a scroll of enchant armour {unknown}
 k - a scroll of random uselessness {unknown}
 n - a scroll of magic mapping {unknown}
 o - 2 scrolls of identify {unknown}
 q - 2 scrolls of teleportation {unknown}
 s - a scroll of enchant weapon {unknown}
Potions
 d - a potion of might
 t - a potion of berserk rage {unknown}
Books
 y - a book of Debilitation

   Spells                             Type                      Level
   a - Corona                         Hexes                        1
   b - Slow                           Hexes                        2
   c - Gell's Gravitas                Hexes/Translocation          3
   d - Inner Flame                    Hexes/Fire                   3
   e - Cause Fear                     Hexes                        4
   f - Leda's Liquefaction            Hexes/Earth                  4
Comestibles
 f - a bread ration
 g - 3 meat rations
 h - 6 chunks of flesh
 i - a beef jerky
 p - a slice of pizza
 r - 3 fruits


   Skills:
 + Level 5.0 Fighting
 + Level 4.2 Maces & Flails
 + Level 4.9 Armour
 - Level 0.4 Dodging
 + Level 7.0 Shields


You had 6 spell levels left.
You didn't know any spells.

Dungeon Overview and Level Annotations

Branches:
Dungeon (4/15)
 Temple: D:4-7

Altars:
Elyvilon
Fedhas
Sif Muna

Annotations:
D:2 Natasha
D:4 Menkaure


Innate Abilities, Weirdness & Mutations

You are resistant to torment.
Your stone body is resilient (AC +4).
You are immune to poison.
You resist negative energy.
You are resistant to electric shocks.
You can survive without breathing.
You are immune to petrification.
You are immune to rotting.


Message History

Menkaure calls on the powers of darkness!
Your body is wracked with pain!
You barely miss Menkaure.
Menkaure is heavily damaged.
Menkaure hits you but does no damage.
You barely miss Menkaure.
Menkaure is heavily damaged.
Menkaure gestures wildly while chanting.
Menkaure seems to speed up.
You hit Menkaure.
Menkaure is severely damaged.
Menkaure hits you!
* * * LOW HITPOINT WARNING * * *
Menkaure hits you!
* * * LOW HITPOINT WARNING * * *
You hit Menkaure.
Menkaure is almost destroyed.
Menkaure gestures at you while chanting.
Pain shoots through your body!
You die...

#.#.# #.#.# #.#
#.#.# #.#
####.#.#### #.#
..........# #.#
.......##.# #.#
####.####.# #.#
#.# #.# #M# #.#
#.######@######
..#
#..^............
###
###############.


You could see Menkaure.

Vanquished Creatures
  Pikel (D:3)
  Grinder (D:3)
  2 slaves (D:3)
  Robin (D:3)
  3 adders
  2 oozes
  2 worms
  3 dart slugs
  2 giant geckos (D:1)
  9 orcs
  4 giant cockroaches
  14 goblins
  13 hobgoblins
  3 kobolds
  2 quokkas (D:3)
  A ball python (D:3)
  6 bats
  3 giant newts
  10 rats
82 creatures vanquished.

Vanquished Creatures (others)
  A centaur skeleton (D:4)
  A giant newt (D:4)
2 creatures vanquished.

Grand Total: 84 creatures vanquished

Notes
Turn   | Place    | Note
--------------------------------------------------------------
     0 | D:1      | dobroeutro the Gargoyle Fighter began the quest for the Orb.
     0 | D:1      | Reached XP level 1. HP: 14/14 MP: 1/1
   104 | D:1      | Reached XP level 2. HP: 19/19 MP: 2/2
   367 | D:1      | Reached XP level 3. HP: 18/24 MP: 3/3
   811 | D:2      | Found a faded altar to an unknown god.
   967 | D:2      | Reached XP level 4. HP: 22/29 MP: 4/4
   981 | D:2      | Found a deep blue altar of Sif Muna.
   984 | D:2      | Noticed Natasha
  1370 | D:3      | Reached skill level 4 in Shields
  1382 | D:3      | Found a blossoming altar of Fedhas.
  1506 | D:3      | Noticed Grinder
  1558 | D:3      | Paralysed by Grinder for 7 turns
  1572 | D:3      | Paralysed by Grinder for 3 turns
  1585 | D:3      | Killed Grinder
  1585 | D:3      | Reached skill level 5 in Shields
  1585 | D:3      | Reached XP level 5. HP: 9/34 MP: 5/5
  1585 | D:3      | Reached XP level 6. HP: 10/39 MP: 6/6
  1749 | D:3      | Noticed Robin
  1787 | D:3      | Killed Robin
  2068 | D:3      | Found a white marble altar of Elyvilon.
  2175 | D:4      | Noticed Pikel
  2175 | D:4      | Noticed a slave
  2175 | D:4      | Noticed a slave
  2175 | D:4      | Noticed a slave
  2223 | D:3      | Killed a slave
  2230 | D:3      | Killed a slave
  2278 | D:3      | Killed Pikel
  2278 | D:3      | Reached skill level 5 in Fighting
  2278 | D:3      | Reached skill level 7 in Shields
  2278 | D:3      | Reached XP level 7. HP: 37/44 MP: 7/7
  2397 | D:4      | Noticed Menkaure
  2405 | D:4      | Killed from afar by Menkaure

Vault maps used:
D:1:      dpeg_arrival_signposts
D:2:      nicolae_overflow_hidden_temple, ecumenical_altar_1, uniq_natasha
D:3:      marbit_many_paths, fedhas_altar_2, uniq_robin, uniq_grinder
D:4:      serial_shops, shop, trog_hazing_becter, uniq_pikel, uniq_menkaure

Skill      XL: |  1  2  3  4  5  6 |
---------------+-------------------+-----
Fighting       | 4 5 |  5.0
Shields        | 5 7 |  7.0
Maces & Flails | 3 4 |  4.2
Armour         | 4 |  4.9
Dodging        | |  0.4

Action                   |  1- 3 |  4- 6 |  7- 9 || total
-------------------------+-------+-------+-------++-------
Melee: Flail             |   180 |   235 |    12 ||   427
  Use: Potion            |       |     2 |     1 ||     3
  Eat: Chunk             |     1 |     4 |     1 ||     6
